 Dungeon Crawl Stone Soup version 0.23.0-3-gf3c87f2 (webtiles) character file.

Game seed: 10689046916960217688

36 Borgoz the Sneak (level 3, -5/26 HPs)
             Began as a Ghoul Enchanter on Feb 24, 2019.
             Slain by Natasha (9 damage)
             ... on level 2 of the Dungeon.
             The game lasted 00:03:57 (1404 turns).

Borgoz the Sneak (Ghoul Enchanter)                  Turns: 1404, Time: 00:03:58

Health: -5/26      AC:  3    Str: 11      XL:     3   Next: 37%
Magic:  1/4        EV: 11    Int:  8 (10) God:
Gold:   48         SH:  0    Dex:  8 (10) Spells: 2/5 levels left

rFire    . . .     SeeInvis .   a - +2 dagger
rCold    + . .     Gourm    .   (no shield)
rNeg     + + +     Faith    .   e - +0 leather armour
rPois    ∞         Spirit   .   (no helmet)
rElec    .         Reflect  .   (no cloak)
rCorr    .         Harm     .   (no gloves)
MR       .....                  (no boots)
Stlth    ++........             (no amulet)
HPRegen  0.00/turn              (no ring)
MPRegen  0.09/turn              (no ring)

@: rotting, slowed, very slow
A: rotting body, claws 1, carnivore, cold resistance 1, negative energy
resistance 3, inhibited regeneration, torment resistance, unbreathing
a: no special abilities


You were on level 2 of the Dungeon.
You were not hungry.

You visited 1 branch of the dungeon, and saw 2 of its levels.

You collected 48 gold pieces.

Inventory:

Hand Weapons
 a - a +2 dagger (weapon)
Missiles
 f - 11 poisoned needles
Armour
 e - a +0 leather armour (worn)
Scrolls
 i - a scroll of fog
Comestibles
 d - 3 rations


   Skills:
 * Level 1.9 Short Blades
 - Level 1.7 Dodging
 + Level 3.6 Stealth
 - Level 1.7 Spellcasting
 * Level 2.9 Hexes


You had 2 spell levels left.
You knew the following spells:

 Your Spells              Type           Power        Failure   Level  Hunger
a - Corona                Hex            #......      14%         1    ##.....
b - Ensorcelled Hibernat  Hex/Ice        #.....       36%         2    ###....

Your spell library contained the following spells:

 Spells                   Type           Power        Failure   Level  Hunger
 Confuse                  Hex            #.......     41%         3    ####...
 Tukima's Dance           Hex            #.......     41%         3    ####...
 Dazzling Spray           Conj/Hex       #.....       61%         3    ####...


Dungeon Overview and Level Annotations

Branches:
Dungeon (2/15)

Altars:

Annotations:
D:2 Natasha


Innate Abilities, Weirdness & Mutations

Your body is rotting away.
You thrive on raw meat.
You are immune to poison.
You have sharp fingernails.
You are carnivorous and can eat meat at any time.
Your flesh is cold resistant. (rC+)
You are immune to negative energy. (rN+++)
You do not regenerate when monsters are visible.
You are immune to unholy pain and torment.
You can survive without breathing.


Message History

Natasha casts a spell at you. The magic dart hits you!
* * * LOW HITPOINT WARNING * * *
Eat a chunk of flesh? (ye/n/q)
You eat the chunk of flesh.
This raw flesh tastes great!
Natasha barely misses you. Natasha claws you.
* * * LOW HITPOINT WARNING * * *
Okay, then.
You barely miss Natasha.
Natasha is almost dead.
Natasha stares at you and mumbles some strange words.
You resist with significant effort.
You barely miss Natasha.
Natasha is almost dead.
Natasha claws you.
* * * LOW HITPOINT WARNING * * *
You closely miss Natasha.
Natasha is almost dead.
Natasha claws you!
You die...

###. ##...# ...8..
.8888.# 88..8..
....88.## .....8.h#
8...b88@##
+..888...#
8888...#'#
.8...###.#
...###...##
.###...8..#
#####...8888.##
###.#...8÷8..8..#
###...##.88....88.#


You could see Natasha and a bat.

Vanquished Creatures
  A worm (D:2)
  2 leopard geckos
  A giant cockroach (D:2)
  2 goblins
  6 hobgoblins
  3 bats
  2 frilled lizards (D:1)
  7 kobolds (D:1)
  7 rats
31 creatures vanquished.

Notes
Turn   | Place    | Note
-------+----------+-------------------------------------------
     0 | D:1      | Borgoz the Ghoul Enchanter began the quest for the Orb.
     0 | D:1      | Reached XP level 1. HP: 14/14 MP: 2/2
    13 | D:1      | Reached skill level 1 in Short Blades
   156 | D:1      | Reached XP level 2. HP: 12/20 MP: 3/3
   924 | D:1      | Learned a level 2 spell: Ensorcelled Hibernation
  1105 | D:1      | Reached XP level 3. HP: 21/26 MP: 4/4
  1383 | D:2      | Noticed Natasha
  1404 | D:2      | Slain by Natasha

Skill      XL: |  1 |
---------------+----+-----
Short Blades   | 1 |  1.9
Dodging        | |  1.7
Stealth        | |  3.6
Spellcasting   | |  1.7
Hexes          | |  2.9

Action                   || total
-------------------------++-------
Melee: Dagger            ||   142
 Cast: Corona            ||     2
       Ensorcelled Hiber ||     3
  Use: Scroll            ||     7
       Potion            ||     3
 Stab: Sleeping          ||     4
  Eat: Chunk             ||    23
Armor: Robe              ||    12
       Leather armour    ||    23
Dodge: Dodged            ||    73
